 Dungeon Sprint DCSS version 0.26-a0-850-g97a50ab700 (webtiles) character file.

Game seed: 6329285562106309271

2 sahdkjhfkaj the Digger (level 1, 0/10 HPs)
             Began as a Gargoyle Earth Elementalist on Nov 21, 2020.
             Was an Initiate of Vehumet.
             Slain by a gnoll
             ... wielding a +0 spear
              (7 damage)
             ... in the Dungeon (Sprint VII: "The Pits").
             The game lasted 00:01:01 (292 turns).

sahdkjhfkaj the Digger (Gargoyle Earth Elementalist) Turns: 292, Time: 00:01:02

Health: 0/10       AC:  4    Str: 11    XL:     1   Next: 40%
Magic:  0/3        EV: 12    Int: 15    God:    Vehumet [......]
Gold:   0          SH:  0    Dex: 10    Spells: 3/4 levels left

rFire    . . .     SeeInvis .   (no weapon)
rCold    . . .     Faith    .   (no shield)
rNeg     + . .     Spirit   .   c - +0 robe
rPois    ∞         Reflect  .   (no helmet)
rElec    +         Harm     .   (no cloak)
rCorr    .         Rampage  .   (no gloves)
MR       .....     NoTele   +   (no boots)
Stlth    ++........             (no amulet)
HPRegen  0.03/turn              (no ring)
MPRegen  0.08/turn              (no ring)

@: no status effects
A: negative energy resistance 1, electricity resistance, unbreathing,
petrification resistance, rot immunity, AC +2
a: Renounce Religion


You were in the Dungeon.
You worshipped Vehumet.
Vehumet was noncommittal.
You visited 1 branch

Inventory:

Missiles
 b - 32 stones (quivered)
Armour
 c - a +0 robe (worn)
Scrolls
 i - a scroll of blinking {!r}
 j - 3 scrolls of remove curse {!r}
 k - 5 scrolls of amnesia {!r}
 l - a scroll of summoning {!r}
Potions
 a - 2 potions of berserk rage {!q}
 d - a potion of curing {!q}
 f - a potion of haste {!q}
 g - 4 potions of magic {!q}
 h - 2 potions of invisibility {!q}


   Skills:
 - Level 1.5 Dodging
 - Level 2.1 Stealth
 + Level 2.4 Spellcasting
 - Level 0.7 Transmutations
 * Level 4.5 Earth Magic


You had 3 spell levels left.
You knew the following spells:

 Your Spells              Type           Power        Failure   Level
a - Sandblast             Erth           ###...       3%          1

Your spell library contained the following spells:

 Spells                   Type           Power        Failure   Level
 Passwall                 Tmut/Erth      #.......     11%         2
 Stone Arrow              Conj/Erth      #.....       26%         3
 Petrify                  Tmut/Erth      #.......     56%         4
 Lee's Rapid Deconstruct  Erth           ###.......   65%         5


Dungeon Overview and Level Annotations

Branches:
Dungeon (1/1)

Altars:
Ashenzari
Cheibriados
Dithmenos
Elyvilon
Fedhas
Gozag
Hepliaklqana
Kikubaaqudgha
Makhleb
Nemelex Xobeh
Okawaru
Qazlal
Ru
Sif Muna
Trog
Uskayaw
Vehumet
Wu Jian
Xom
Yredelemnul
Zin
The Shining One
Beogh
Jiyva
Lugonu


Innate Abilities, Weirdness & Mutations

You are resistant to torment.
Your stone body is resilient. (AC +2)
You are immune to poison.
You resist negative energy. (rN+)
You are resistant to electric shocks. (rElec)
You can survive without breathing.
You are immune to petrification.
You are immune to rotting.


Message History

The worker ant is severely wounded.
b - 33 stones The worker ant closely misses you.
The gnoll hits you from afar with a +0 spear.
* * * LOW HITPOINT WARNING * * *
Really quaff
e - a potion of heal wounds {!q}?
You feel much better. The worker ant barely misses you.
The gnoll hits you from afar with a +0 spear.
Casting: Sandblast (safe; 3% risk of failure)
Confirm with . or Enter, or press ? or * to list all spells.
Aiming: Sandblast (safe; 3% risk of failure)
Press: ? - help, Shift-Dir - straight line, f/p - worker ant
Aim: a worker ant (severely wounded)
The blast of sand hits the worker ant.
You kill the worker ant!
Vehumet accepts your kill.
b - 32 stones The gnoll hits you from afar with a +0 spear!
Ouch! That really hurt!
You die...

#_________.#
#_______...###########++
##########'##...........
#.?..')))'.##......#..#.
##########.##...........
#...........'......)....
#+#####'#####......#..#.
#..#..##...........
+.@'g.#####'#####++
####+###.......#
#.......# #.......#
#...<...# #.......#
#.......# #.......#
#########


You could see a gnoll.

Vanquished Creatures
  A worker ant (D)
  An orc (D)
  A bat (D)
3 creatures vanquished.

Notes
Turn   | Place    | Note
-------+----------+-------------------------------------------
     0 | D        | sahdkjhfkaj the Gargoyle Earth Elementalist began the quest
                  | for the Orb.
     0 | D        | Reached XP level 1. HP: 10/10 MP: 3/3
    36 | D        | Reached skill level 4 in Earth Magic
   217 | D        | Found a bloodstained altar of Trog.
   217 | D        | Found a shimmering blue altar of Sif Muna.
   217 | D        | Found a viscous altar of Jiyva.
   217 | D        | Found a hazy altar of Hepliaklqana.
   217 | D        | Found an opulent altar of Gozag.
   218 | D        | Found a glowing golden altar of the Shining One.
   218 | D        | Found a glowing silver altar of Zin.
   218 | D        | Found a basalt altar of Yredelemnul.
   218 | D        | Found a shimmering altar of Xom.
   218 | D        | Found an ornate altar of the Wu Jian Council.
   218 | D        | Found a sacrificial altar of Ru.
   218 | D        | Found a stormy altar of Qazlal.
   218 | D        | Found an iron altar of Okawaru.
   218 | D        | Found a sparkling altar of Nemelex Xobeh.
   218 | D        | Found a burning altar of Makhleb.
   218 | D        | Found a blossoming altar of Fedhas.
   218 | D        | Found a white marble altar of Elyvilon.
   218 | D        | Found a shadowy altar of Dithmenos.
   218 | D        | Found a snail-covered altar of Cheibriados.
   221 | D        | Found a corrupted altar of Lugonu.
   221 | D        | Found a radiant altar of Vehumet.
   221 | D        | Found a roughly hewn altar of Beogh.
   222 | D        | Found an ancient bone altar of Kikubaaqudgha.
   222 | D        | Found a hide-covered altar of Uskayaw.
   222 | D        | Found a broken altar of Ashenzari.
   232 | D        | Became a worshipper of Vehumet
   288 | D        | Noticed a worker ant
   292 | D        | Killed a worker ant
   292 | D        | Slain by a gnoll

Illustrated notes

Levels and vault maps discovered:
D:        pitsprint [storerooms_1, entrance_room_1, metal_vault_5, armoury_3,
          mini_pit_1, grid_room_1, main_hall_1, silver_pit, the_coven_3,
          the_vestibule_1, steel_vault_3, golden_pit, hallway_of_sentries,
          crystal_vault_4, iron_vault_3, final_vault]

Skill      XL: |  1 |
---------------+----+-----
Earth Magic    | 4 |  4.5
Dodging        | |  1.5
Stealth        | |  2.1
Spellcasting   | |  2.4
Transmutations | |  0.7

Action                   || total
-------------------------++-------
Melee: Unarmed           ||     8
 Cast: Sandblast         ||     8
  Use: Potion            ||     2
Dodge: Dodged            ||     8

Table legend: (Time is in decaauts)
 A = Elapsed time spent in this place.
 B = Non-inter-level travel time spent in this place.
 C = Inter-level travel time spent in this place.
 D = Time resting spent in this place.
 E = Time spent auto-exploring this place.
 F = Levels seen in this place.
 G = Mean time per level.
                   A        B        C        D        E       F      G
               +--------+--------+--------+--------+--------+-----+--------+
         Total |    304 |    304 |      0 |    199 |      0 |   1 |  304.0 |
       Dungeon |    304 |    304 |      0 |    199 |      0 |   1 |  304.0 |
               +--------+--------+--------+--------+--------+-----+--------+

Top non-repeatable levels by time:
       D: 304 daAuts
